Map: 2000 Atmospheres LE

Players

Ryu

  • Race: Zerg Zerg

Cham - Winner!

  • Race: Zerg Zerg

Event: DreamHack SC2 Masters 2021 Winter

VOD

Have the link to the VOD?

Description

Time

  • Played on: Oct. 2, 2021, 3:41 p.m.
  • Length: 7:11

All games in this series

Show
View Real Time Build Order
Export as new Build Order

Ryu Zerg 

Build Orders: Hatch First, Zergling Baneling 

Get SALT Encoding   

  12  0:00  Drone  
  13  0:13  Overlord  
  13  0:17  Drone  
  14  0:31  Drone x2  
  16  0:48  Hatchery  
  15  0:51  Drone  
  15  0:55  Drone  
  17  0:58  Drone  
  17  1:01  Extractor  
  17  1:14  Spawning Pool  
  17  1:17  Drone  
  17  1:20  Drone  
  18  1:29  Drone  
  19  1:40  Drone  
  20  1:50  Overlord  
  20  2:01  Queen x2  
  20  2:02  Zergling x2  
  20  2:03  Metabolic Boost  
  20  2:07  Drone  
  26  2:12  Drone  
  26  2:13  Drone  
  28  2:21  Drone  
  28  2:22  Drone  
  30  2:33  Zergling x2  
  30  2:34  Drone  
  32  2:43  Drone  
  33  2:44  Hatchery  
  33  2:45  Drone  
  33  2:51  Baneling Nest  
  33  2:54  Overlord  
  32  3:01  Drone  
  33  3:06  Overlord  
  33  3:13  Zergling x2  
  33  3:14  Zergling x4  
  33  3:17  Overlord  
  36  3:25  Zergling x8  
  40  3:30  Drone  
  41  3:35  Drone, Queen  
  44  3:43  Baneling x2  
  44  3:44  Drone x5  
  49  3:54  Overlord  
  47  4:00  Evolution Chamber  
  46  4:06  Baneling x4  
  46  4:08  Queen  
  49  4:11  Zergling x6  
  49  4:15  Drone  
  53  4:19  Zergling x4  
  53  4:20  Zergling x4  
  53  4:24  Baneling x2  
  53  4:27  Zergling x8  
  56  4:31  Baneling  
  56  4:36  Drone  
  56  4:41  Roach Warren  
  47  4:49  Drone x6  
  52  4:58  Drone  
  52  4:59  Drone, Hatchery  
  53  5:06  Drone x4, Extractor x2  
  55  5:15  Lair  
  55  5:17  Zergling x2  
  55  5:18  Zergling x4  
  54  5:23  Roach  
  54  5:27  Zergling x2  
  57  5:32  Zergling x4  
  59  5:36  Zergling x4  
  59  5:41  Hatchery  
  58  5:43  Overlord  
  56  6:04  Drone x2, Extractor  
  56  6:05  Drone  
  56  6:08  Drone x6  
  60  6:12  Queen  
  60  6:16  Drone  
  63  6:23  Roach  
  63  6:28  Roach  
  63  6:30  Roach  
  67  6:33  Spine Crawler  
  67  6:34  Spine Crawler, Roach  
  67  6:35  Overlord x2  
  67  6:43  Overlord  
Show
View Real Time Build Order
Export as new Build Order

Cham Zerg - Winner!

Build Orders: Hatch First, Zergling Baneling 

Get SALT Encoding   

  12  0:00  Drone  
  13  0:12  Overlord  
  13  0:21  Drone  
  14  0:31  Drone x2  
  16  0:49  Hatchery  
  15  0:52  Drone  
  15  0:56  Drone  
  17  0:59  Drone  
  18  1:08  Drone  
  19  1:14  Spawning Pool  
  19  1:16  Extractor  
  17  1:19  Drone  
  18  1:28  Drone  
  19  1:38  Drone  
  20  1:51  Drone  
  21  2:01  Queen x2  
  21  2:02  Drone  
  21  2:03  Overlord  
  26  2:10  Drone  
  26  2:13  Drone  
  28  2:17  Metabolic Boost  
  29  2:22  Drone  
  29  2:24  Drone  
  30  2:32  Hatchery  
  30  2:36  Drone  
  30  2:41  Baneling Nest  
  29  2:47  Zergling x4  
  29  2:48  Drone  
  32  2:54  Overlord  
  32  3:08  Drone x2  
  32  3:09  Drone  
  32  3:10  Drone  
  32  3:11  Overlord  
  37  3:12  Zergling x2  
  37  3:13  Zergling x4  
  37  3:19  Overlord  
  39  3:22  Drone x2  
  41  3:29  Queen  
  41  3:33  Zergling x2  
  41  3:34  Zergling x2  
  45  3:35  Baneling x2  
  45  3:41  Baneling x2  
  45  3:44  Zergling x4  
  47  3:49  Drone  
  47  3:50  Evolution Chamber  
  47  3:53  Zergling x2  
  47  3:54  Zergling x6  
  51  3:58  Extractor  
  51  3:59  Drone  
  51  4:02  Roach Warren  
  51  4:03  Drone  
  51  4:05  Drone  
  43  4:10  Drone  
  43  4:13  Baneling x2  
  43  4:15  Drone  
  45  4:17  Zergling x4  
  44  4:33  Drone x3  
  44  4:34  Drone x3  
  44  4:35  Zergling x2  
  51  4:43  Zergling x8  
  51  4:45  Zergling x2  
  51  4:51  Baneling x2  
  51  4:53  Zerg Missile Weapons Level 1  
  51  5:00  Zergling x8  
  55  5:07  Drone x3  
  57  5:16  Drone x2, Overlord  
  56  5:23  Drone x2  
  56  5:24  Drone x3  
  57  5:40  Roach x6  
  65  5:46  Roach x2  
  65  5:48  Baneling x2  
  66  5:50  Overlord  
  66  5:51  Roach  
  66  5:53  Roach  
  66  5:57  Roach  
  72  5:59  Roach  
  72  6:01  Overlord  
  74  6:05  Lair  
  74  6:08  Roach  
  74  6:10  Drone x2  
  76  6:11  Drone  
  76  6:15  Drone x2  
  79  6:19  Drone x3  
  79  6:22  Drone x2  
  79  6:23  Drone  
  79  6:24  Drone  
  86  6:26  Drone x2  
  86  6:29  Drone  
  86  6:32  Drone  
  90  6:37  Overlord  
  90  6:38  Overlord  
  90  6:40  Overlord, Extractor  
  90  6:42  Drone, Extractor  
  90  6:47  Drone  
  90  6:51  Extractor  
  90  6:53  Drone  
  90  6:56  Drone x4  

Tags
 
Add a new tag
Caveats
  • Supply blocks, unpowered buildings, or Contaminate may cause inaccurate times.
  • Supply counts are checked every 10 seconds.